 Dungeon Crawl Stone Soup version 0.19.1 (webtiles) character file.

492 hullu the Vexing (level 6, -3/41 HPs)
             Began as a Vampire Enchanter on Nov 24, 2016.
             Killed by divine providence
             ... invoked by an orc priest
              (15 damage)
             ... on level 4 of the Dungeon.
             The game lasted 00:17:37 (2976 turns).

hullu the Vexing (Vampire Enchanter)                Turns: 2976, Time: 00:17:38

Health: -3/41      AC:  6    Str:  7    XL:     6   Next: 91%
Magic:  2/9        EV: 13    Int: 18    God:
Gold:   395        SH:  0    Dex: 16    Spells: 4 memorised, 0 levels left

rFire  . . .     SeeInvis +     a - +1 dagger
rCold  + . .     Gourm    .     b - +1 robe
rNeg   + + .     Faith    .     (no shield)
rPois  +         Spirit   .     e - +0 helmet
rElec  .         Reflect  .     (no cloak)
rCorr  .         Harm     .     j - +0 pair of gloves
MR     .....                    m - +0 pair of boots
Stlth  +++++.....               f - amulet of rage
                                (no ring)
                                l - ring of poison resistance

@: very slightly contaminated, regenerating slowly, hasted, very quick
A: fangs 3, see invisible, unbreathing
a: Bat Form, Evoke Berserk Rage


You were on level 4 of the Dungeon.
You were near bloodless.

You visited 1 branch of the dungeon, and saw 4 of its levels.
You also visited: Sewer.

You collected 395 gold pieces.

Inventory:

Hand Weapons
 a - a +1 dagger (weapon)
Armour
 b - a +1 robe (worn)
 e - a +0 helmet (worn)
 j - a +0 pair of gloves (worn)
 m - a +0 pair of boots (worn)
Jewellery
 f - an amulet of rage (around neck)
 k - an uncursed ring of flight
 l - a ring of poison resistance (left hand)
Scrolls
 i - a scroll of enchant weapon {unknown}
 n - 2 scrolls of remove curse
 q - 2 scrolls of enchant armour {unknown}
Potions
 d - 20 potions of blood
 h - 2 potions of brilliance
 o - a potion of haste
Books
 c - a book of Maledictions

   Spells                             Type                      Level
   a - Corona                         Hexes                        1
   b - Ensorcelled Hibernation        Hexes/Ice                    2
   c - Confuse                        Hexes                        3
   d - Tukima's Dance                 Hexes                        3
   e - Dazzling Spray                 Conjuration/Hexes            3


   Skills:
 + Level 3.4 Short Blades
 - Level 2.1 Dodging
 + Level 6.8 Stealth
 - Level 2.0 Spellcasting
 * Level 7.8 Hexes
 + Level 3.1 Ice Magic


You couldn't memorise any spells.
You knew the following spells:

 Your Spells              Type           Power        Failure   Level  Hunger
a - Corona                Hex            ####...      1%          1    #......
b - Ensorcelled Hibernat  Hex/Ice        ###...       3%          2    ###....
c - Confuse               Hex            ####....     2%          3    ###....
d - Tukima's Dance        Hex            ####....     2%          3    ###....


Dungeon Overview and Level Annotations

Branches:
Dungeon (4/15)
 Temple: D:4-7

Altars:
Nemelex Xobeh
Okawaru
Sif Muna
The Shining One

Annotations:
D:4 syranez's ghost, novice OpTm


Innate Abilities, Weirdness & Mutations

You heal slowly.
You have razor-sharp teeth.
You have supernaturally acute eyesight. (SInv)
You can survive without breathing.


Message History

You hit the orc priest.
The orc priest is lightly wounded.
The orc priest hits you with a spear.
You hit the orc priest.
The orc priest is moderately wounded.
The orc priest hits you with a spear.
You hit the orc priest. You bite the orc priest.
You draw the orc priest's blood!
You feel better.
You feel slightly less thirsty.
The orc priest is heavily wounded.
You hit the orc priest.
The orc priest is heavily wounded.
The orc priest hits you with a spear.
You feel yourself speed up. The orc priest hits you with a spear.
* * * LOW HITPOINT WARNING * * *
The orc priest misses you.
Two of your 22 potions of blood rot away.
The orc priest invokes the aid of Beogh against you.
Beogh smites you!
You die...

#.......#####.######)#
........#.... #...[#
#...#....### #....#
#.[##.....###...##
.####..##.###..##...#
.........oo.o.......#
.....#.W..####.##...#
.###......# #..#...#
...###....# ##.@...#
#....W...### ##....#
#####<.....####....##
###..#.......#..#
##..######.#.#####
##..####...%#...##
#.........<....#
###............#
#............#


You could see an orc priest.

Vanquished Creatures
  Sigmund (D:2)
  Purgy (Sewer)
  A centaur zombie (D:3)
  A worker ant (D:4)
  4 gnolls (D:3)
  6 adders
  A river rat (D:3)
  A dart slug (D:1)
  3 leopard geckos
  5 orcs
  A ball python (D:3)
  10 bats
  6 giant cockroaches
  6 goblins
  7 hobgoblins
  2 jackals (D:3)
  5 kobolds
  3 quokkas
  8 frilled lizards
  7 rats
  2 fungi (D:1)
81 creatures vanquished.

Notes
Turn   | Place    | Note
-------+----------+-------------------------------------------
     0 | D:1      | hullu the Vampire Enchanter began the quest for the Orb.
     0 | D:1      | Reached XP level 1. HP: 13/13 MP: 3/3
     1 | D:1      | Noticed an electric eel
   175 | D:1      | Reached XP level 2. HP: 18/19 MP: 5/5
   182 | D:1      | Learned a level 2 spell: Ensorcelled Hibernation
   199 | D:1      | Reached skill level 5 in Stealth
   483 | D:1      | Reached skill level 5 in Hexes
   653 | D:2      | Found a deep blue altar of Sif Muna.
   752 | D:2      | Reached XP level 3. HP: 24/24 MP: 6/6
   874 | D:3      | Found a sparkling altar of Nemelex Xobeh.
   915 | D:3      | Reached skill level 1 in Ice Magic
  1002 | D:2      | Reached XP level 4. HP: 9/30 MP: 7/7
  1010 | D:2      | Learned a level 3 spell: Confuse
  1116 | D:3      | Found a glowing golden altar of the Shining One.
  1120 | D:3      | Found an iron altar of Okawaru.
  1252 | D:3      | Found a glowing drain.
  1299 | Sewer    | Entered a sewer
  1431 | Sewer    | Noticed Purgy
  1442 | Sewer    | Killed Purgy
  1442 | Sewer    | Reached skill level 6 in Hexes
  1442 | Sewer    | Reached XP level 5. HP: 31/35 MP: 5/8
  1783 | D:2      | Found a faded altar of an unknown god.
  2019 | D:2      | Noticed Sigmund
  2062 | D:2      | Killed Sigmund
  2062 | D:2      | Reached skill level 7 in Hexes
  2062 | D:2      | Reached XP level 6. HP: 15/41 MP: 2/9
  2599 | D:3      | Learned a level 3 spell: Tukima's Dance
  2891 | D:4      | Noticed syranez's ghost (novice OpTm)
  2976 | D:4      | Killed from afar by an orc priest

Skill      XL: |  1  2  3  4  5  6 |
---------------+-------------------+-----
Stealth        | 5 6 |  6.8
Hexes          | 5 6 7 |  7.8
Short Blades   | 2 3 |  3.4
Ice Magic      | 1 2 3 |  3.1
Dodging        | |  2.1
Spellcasting   | |  2.0

Action                   |  1- 3 |  4- 6 || total
-------------------------+-------+-------++-------
Melee: Dagger            |   125 |   162 ||   287
       Bite              |    12 |    12 ||    24
 Cast: Corona            |     1 |       ||     1
       Ensorcelled Hiber |    10 |    18 ||    28
       Confuse           |       |     6 ||     6
  Use: Potion            |     6 |     3 ||     9
       Scroll            |       |     2 ||     2
 Stab: Sleeping          |    14 |    22 ||    36
       Confused          |       |     4 ||     4
Armor: Robe              |    27 |    62 ||    89
Dodge: Dodged            |    78 |   119 ||   197
